 Dungeon Crawl Stone Soup version 0.25.1-2-g60ff931df9 (webtiles) character file.

Game seed: 14064798923819724548

19 Kraken2834 the Skirmisher (level 2, -4/20 HPs)
             Began as a Gargoyle Berserker on Sept 30, 2020.
             Was a Follower of Trog.
             Slain by Sigmund
             ... wielding a +0 scythe
              (11 damage)
             ... on level 2 of the Dungeon.
             The game lasted 00:07:12 (980 turns).

Kraken2834 the Skirmisher (Gargoyle Berserker)       Turns: 980, Time: 00:07:13

Health: -4/20      AC: 11    Str: 20    XL:     2   Next: 75%
Magic:  2/2        EV:  8    Int:  7    God:    Trog [*.....]
Gold:   37         SH:  0    Dex:  9    Spells: 1/1 levels left

rFire    x . .     SeeInvis .   a - +1 mace
rCold    + . .     Gourm    .   (no shield)
rNeg     + . .     Faith    .   l - +0 chain mail
rPois    ∞         Spirit   .   (no helmet)
rElec    +         Reflect  .   (no cloak)
rCorr    .         Harm     .   (no gloves)
MR       .....                  (no boots)
Stlth    ..........             (no amulet)
HPRegen  0.06/turn              e - ring of ice
MPRegen  0.08/turn              (no ring)

@: no status effects
A: negative energy resistance 1, electricity resistance, unbreathing,
petrification resistance, rot immunity, AC +2
a: Berserk, Renounce Religion


You were on level 2 of the Dungeon.
You worshipped Trog.
Trog was aware of your devotion.
You were not hungry.

You visited 1 branch of the dungeon, and saw 2 of its levels.

You collected 37 gold pieces.

Inventory:

Hand Weapons
 a - a +1 mace (weapon)
 m - a +0 hand axe
Missiles
 k - 2 boomerangs (quivered)
Armour
 l - a +0 chain mail (worn)
Jewellery
 e - a ring of ice (left hand)
 n - an uncursed ring of resist corrosion {unknown}
Scrolls
 b - a scroll of teleportation {unknown}
 f - a scroll of random uselessness {unknown}
 g - 2 scrolls of identify
 i - a scroll of noise {unknown}
Potions
 h - a potion of flight {unknown}
 j - a potion of curing {unknown}
Comestibles
 c - 3 rations
 d - a chunk of flesh


   Skills:
 * Level 3.7 Fighting
 + Level 3.3 Maces & Flails
 + Level 2.5 Armour
 - Level 1.6 Dodging


You had one spell level left.
You didn't know any spells.
Your spell library was empty.

Dungeon Overview and Level Annotations

Branches:
Dungeon (2/15)

Altars:

Annotations:
D:2 Sigmund


Innate Abilities, Weirdness & Mutations

You are resistant to torment.
Your stone body is resilient. (AC +2)
You are immune to poison.
You resist negative energy. (rN+)
You are resistant to electric shocks. (rElec)
You can survive without breathing.
You are immune to petrification.
You are immune to rotting.


Message History

The worker ant bites you but does no damage.
You closely miss the worker ant. The worker ant bites you.
Something hits you but does no damage.
The worker ant bites you but does no damage.
You sock the worker ant!
The worker ant is heavily wounded.
The worker ant bites you but does no damage.
Something hits you but does no damage.
You closely miss the worker ant.
The worker ant is heavily wounded.
The worker ant closely misses you. Something hits you but does no damage.
The worker ant closely misses you.
You barely miss the worker ant.
The worker ant is heavily wounded.
The worker ant bites you. Something hits you!
You hit the worker ant but do no damage.
The worker ant is heavily wounded.
The worker ant barely misses you. x2; Something hits you!
Ouch! That really hurt!
You die...

#........
#......).
g≈..≈..
#........
≈⌠.≈...
#........
≈.g≈K.≈
#÷.......
..rg.≈≈
#<.......
..≈.@≈.
#.#####..
...≈≈..###.#
......†#a@.#
.....rS{#..#
...######..#
#..# #..#
####


You could see a worker ant, an adder and a rat.

Vanquished Creatures
  A dart slug (D:1)
  2 giant cockroaches (D:1)
  A goblin (D:1)
  A kobold (D:1)
  5 bats (D:1)
  A frilled lizard (D:1)
  7 rats
18 creatures vanquished.

Notes
Turn   | Place    | Note
-------+----------+-------------------------------------------
     0 | D:1      | Kraken2834 the Gargoyle Berserker began the quest for the
                  | Orb.
     0 | D:1      | Reached XP level 1. HP: 14/14 MP: 1/1
   347 | D:1      | Reached XP level 2. HP: 19/19 MP: 2/2
   967 | D:2      | Noticed Sigmund
   980 | D:2      | Slain by Sigmund

Illustrated notes

Levels and vault maps discovered:
D:1:      giann_wishing_wells, layout_basic, serial_curves, eino_curves_01,
          eino_curves_02, eino_curves_04, eino_curves_04, minmay_tetromino_o4
D:2:      cheibrodos_helix_gallery, layout_rooms, uniq_robin, uniq_sigmund,
          uniq_crazy_yiuf_cottage

Action                   || total
-------------------------++-------
Melee: Mace              ||    63
Throw: Boomerang         ||     1
  Use: Scroll            ||     4
Armor: Animal skin       ||     4
       Chain mail        ||    49
Dodge: Dodged            ||    43
